 Dungeon Crawl Stone Soup version 0.28.0-1-gb440e238dd (webtiles) character file.

Game seed: 9735499339761710465

15162 zeram the Covert (level 12, -1/91 HPs)
             Began as a Gnoll Enchanter on Feb 25, 2022.
             Was a High Priest of Dithmenos.
             Slain by an ettin (32 damage)
             ... on level 9 of the Dungeon.
             The game lasted 00:34:13 (15014 turns).

zeram the Covert (Gnoll Enchanter)                 Turns: 15014, Time: 00:34:15

Health: -1/91      AC: 15    Str: 11    XL:     12   Next: 24%
Magic:  20/24      EV: 24    Int: 21    God:    Dithmenos [*****.]
Gold:   756        SH:  0    Dex: 14    Spells: 9/28 levels left

rFire   . . .      SeeInvis .   s - +5 dagger of Strategic Superiority {venom, rElec Str+3 Stlth+}
rCold   . . .      Faith    .   (no shield)
rNeg    . . .      Spirit   .   w - +2 robe {Archmagi}
rPois   .          Reflect  .   q - +2 helmet {Int+3}
rElec   +          Harm     .   e - +1 cloak
rCorr   .          Rampage  .   r - +1 pair of gloves
Will    .....      Archmagi +   J - +2 pair of boots
Stlth   ++++++++..              (no amulet)
HPRegen 0.25/turn               i - +4 ring of evasion
MPRegen 0.19/turn               F - +4 ring of evasion

@: very slightly contaminated, wreathed by umbra
A: fangs 1, strong nose, distributed training
a: Renounce Religion, Shadow Step, Shadow Form


You were on level 9 of the Dungeon.
You worshipped Dithmenos.
Dithmenos was extremely pleased with you.
You visited 3 branches of the dungeon, and saw 11 of its levels.

You collected 756 gold pieces.

Inventory:

Hand Weapons
 a - a +1 dagger
 l - a +3 dagger of freezing
 s - the +5 dagger of Strategic Superiority (weapon) {venom, rElec Str+3 Stlth+}
   (You found it on level 5 of the Dungeon)

   It poisons the flesh of those it strikes.
   Str:       It affects your strength (+3).
   rElec:     It insulates you from electricity.
   Stlth:     It makes you more stealthy.
Armour
 b - a +0 robe
 e - a +1 cloak (worn)
 o - a +4 plate armour
 q - a +2 helmet of intelligence (worn)
 r - a +1 pair of gloves (worn)
 w - a +2 robe of the Archmagi (worn)
 J - a +2 pair of boots (worn)
Jewellery
 g - a +6 ring of strength
 i - a +4 ring of evasion (left hand)
 m - a +4 ring of protection
 p - a ring of flight
 y - a +6 ring of dexterity
 F - a +4 ring of evasion (right hand)
 G - a +4 ring of protection
 H - a +4 ring of protection
 I - a +6 ring of intelligence
Wands
 c - a wand of charming (12)
 B - a wand of flame (21)
 D - a wand of polymorph (11)
 K - a wand of paralysis (7)
Scrolls
 d - 2 scrolls of fog
 t - a scroll of torment
 x - a scroll of brand weapon
 E - a scroll of teleportation
Potions
 f - 5 potions of ambrosia
 h - 3 potions of attraction
 j - a potion of mutation
 k - 2 potions of flight
 n - 4 potions of curing
 u - a potion of brilliance
 v - a potion of might {unknown}
 z - a potion of degeneration
 A - a potion of berserk rage {unknown}
 C - a potion of heal wounds


   Skills:
 + Level 7.1 Fighting
 + Level 7.6 Short Blades
 + Level 7.1 Long Blades
 + Level 7.1 Axes
 + Level 7.1 Maces & Flails
 + Level 7.1 Polearms
 + Level 7.1 Staves
 + Level 7.1 Slings
 + Level 7.1 Bows
 + Level 7.1 Crossbows
 + Level 7.1 Throwing
 + Level 7.1 Armour
 + Level 8.5 Dodging
 + Level 9.4 Stealth
 + Level 7.1 Shields
 + Level 7.1 Unarmed Combat
 + Level 8.8 Spellcasting
 + Level 5.9 Conjurations
 + Level 8.1 Hexes
 + Level 5.9 Summonings
 + Level 5.9 Necromancy
 + Level 5.9 Translocations
 + Level 5.9 Transmutations
 + Level 5.9 Fire Magic
 + Level 5.9 Ice Magic
 + Level 5.9 Air Magic
 + Level 5.9 Earth Magic
 + Level 5.9 Poison Magic
 + Level 7.8 Invocations
 + Level 7.1 Evocations


You had 9 spell levels left.
You knew the following spells:

 Your Spells              Type           Power      Damage    Failure   Level
a - Ensorcelled Hibernat  Hex/Ice        100%       N/A       1%          2
b - Tukima's Dance        Hex            60%        N/A       1%          3
c - Poisonous Vapours     Pois/Air       100%       N/A       1%          2
d - Call Imp              Summ           50%        N/A       1%          2
e - Mephitic Cloud        Conj/Pois/Air  50%        N/A       1%          3
f - Summon Ice Beast      Ice/Summ       50%        N/A       6%          4
g - Frozen Ramparts       Ice            100%       1d12      1%          3

Your spell library contained the following spells:

 Spells                   Type           Power      Damage    Failure   Level
 Magic Dart               Conj           100%       1d8       1%          1
 Corpse Rot               Necr/Air       100%       N/A       1%          2
 Confusing Touch          Hex            60%        N/A       1%          3
 Dazzling Flash           Conj/Hex       100%       N/A       1%          3
 Ice Form                 Ice/Tmut       50%        N/A       6%          4


Dungeon Overview and Level Annotations

Branches:
Dungeon (9/15)             Temple (1/1) D:6             Orc (1/2) D:9
   Lair: D:8-11

Altars:
Ashenzari
Cheibriados
Dithmenos
Fedhas
Gozag
Hepliaklqana
Kikubaaqudgha
Nemelex Xobeh
Okawaru
Qazlal
Ru
Sif Muna
Trog
Uskayaw
Vehumet
Xom
Yredelemnul
Beogh

Shops:
D:4 :


Innate Abilities, Weirdness & Mutations

You have very sharp teeth.
Your uncanny sense of smell can sniff out nearby items.
Your experience applies equally to all skills.


Message History

You hit the orc warrior but do no damage.
The orc warrior looks as sick as possible!
The orc warrior is heavily wounded.
Your shadow hits the orc warrior with a dagger.
You hit the orc warrior but do no damage.
The orc warrior looks as sick as possible!
Your punch misses the orc warrior.
The orc warrior is heavily wounded.
The orc warrior completely misses you. The orc wizard misses you.
The orc priest misses you. Something hits you but does no damage.
The orc completely misses you.
You hit the orc warrior but do no damage.
The orc warrior looks as sick as possible!
The orc warrior is severely wounded.
The orc warrior hits you with a +0 short sword.
The orc wizard closely misses you.
The orc priest mumbles some strange prayers to Beogh against you.
Beogh smites you! The orc warrior completely misses you.
The orc wizard casts a spell at you. The magic dart hits you.
The orc wizard casts a spell at you.
The magic dart hits you but does no damage.
The orc priest calls upon Beogh to heal the orc warrior.
You kill the orc warrior!
Dithmenos accepts your kill.
The orc wizard gestures at you while chanting.
You easily resist.
There is a staircase back to the Dungeon here.
The ettin hits you with a +0 dire flail!! x2
You climb upwards.
Welcome back to the Dungeon!
Reactivating autopickup.
There is a staircase to the Orcish Mines here.
Casting: Ensorcelled Hibernation (safe; 1% risk of failure)
Confirm with . or Enter, or press ? or * to list all spells.
You feel a surge of power!
You miscast Summon Ice Beast.
You are very lightly contaminated with residual magic.
Nothing appears to happen.
The ettin misses you.
The ettin hits you with a +0 dire flail!!
You die...

#### #..))# #.........'.# ##
#.##.# #.#.......### .# #.##.##
##'####'#### .# #.#...# #...#...#
.### #.'.8.# #)8...######### ...#
###...## ##[).#.........# ...#
####'###[####)........# ...#
##...## #.........# ...# #.@C#
#.........# ...######## ##...##
#.........#
...#......####'###'####)).......#
.....####)#...#####.[.#))...)...#
...### #.'.8......[8.#)).>.....'
#### ###.[.#####...[.).......# #
###### ##.##.........# # #.#
#....'######## # #.# #####..#


You could see an ettin.

Vanquished Creatures
  A centaur warrior (D:8)
  2 two-headed ogres
  An ugly thing (D:8)
  Maurice (D:8)
  2 cyclopes (D:8)
  A gargoyle (D:8)
  Psyche (D:8)
  A troll (D:9)
  A queen bee (D:9)
  A hornet (D:8)
  Sigmund (D:5)
  14 yaks
  A vampire (D:8)
  The ghost of snaxamus the Bolt Thrower, an amateur MiHu of Ru (D:6)
  2 steam dragons
  Edmund (D:5)
  A warg (D:6)
  4 water moccasins
  2 ice beasts
  4 sky beasts
  12 orc warriors
  2 ogres
  A black bear (D:5)
  4 centaurs
  A necrophage (D:5)
  A phantom (D:7)
  12 kobold brigands
  4 bullfrogs
  2 scorpions (D:4)
  A water moccasin zombie (D:7)
  26 killer bees
  A howler monkey (D:6)
  2 wights (D:8)
  5 electric eels
  4 centaur zombies
  4 bullfrog zombies
  3 hounds
  A gnoll shaman (D:9)
  11 orc priests
  Crazy Yiuf (D:2)
  4 jellies
  3 bullfrog skeletons
  3 centaur skeletons
  15 orc wizards
  4 iguanas
  A killer bee zombie (D:6)
  A howler monkey zombie (D:9)
  7 gnolls
  2 adders (D:4)
  A shadow imp (D:6)
  2 white imps
  An ufetubus (D:6)
  4 adder skeletons (D:4)
  2 worms
  The ghost of Dvallin the Sneak, a weakling KoDe (D:7)
  3 dart slugs
  79 orcs
  8 ball pythons
  6 endoplasms
  4 giant cockroaches
  6 goblins
  4 hobgoblins
  5 quokkas
  7 bats
  2 frilled lizards
  29 kobolds
  A quokka skeleton (D:4)
  6 rats
352 creatures vanquished.

Vanquished Creatures (collateral kills)
  A yak (D:8)
  Eustachio (D:4)
  An ogre (D:5)
  A kobold brigand (D:8)
  A killer bee (D:8)
  A wight (D:8)
  An orc wizard (D:4)
  A gnoll (D:9)
  4 orcs (D:8)
  2 kobolds (D:8)
14 creatures vanquished.

Vanquished Creatures (others)
  A centaur (D:8)
  3 plants (D:8)
4 creatures vanquished.

Grand Total: 370 creatures vanquished

Notes
Turn   | Place    | Note
-------+----------+-------------------------------------------
     0 | D:1      | zeram the Gnoll Enchanter began the quest for the Orb.
     0 | D:1      | Reached XP level 1. HP: 13/13 MP: 6/6
    99 | D:1      | Reached XP level 2. HP: 4/19 MP: 7/7
   103 | D:1      | Learned a level 2 spell: Ensorcelled Hibernation
   671 | D:1      | Reached XP level 3. HP: 22/25 MP: 1/9
   682 | D:1      | Reached skill level 5 in Spellcasting
  1134 | D:1      | Reached skill level 6 in Stealth
  1387 | D:2      | Reached skill level 1 in Invocations
  1996 | D:2      | Reached skill level 1 in Fighting
  1996 | D:2      | Reached skill level 1 in Long Blades
  1996 | D:2      | Reached skill level 1 in Axes
  1996 | D:2      | Reached skill level 1 in Maces & Flails
  1996 | D:2      | Reached skill level 1 in Polearms
  1996 | D:2      | Reached skill level 1 in Staves
  1996 | D:2      | Reached skill level 1 in Slings
  1996 | D:2      | Reached skill level 1 in Bows
  1996 | D:2      | Reached skill level 1 in Crossbows
  1996 | D:2      | Reached skill level 1 in Throwing
  1996 | D:2      | Reached skill level 1 in Armour
  1996 | D:2      | Reached skill level 1 in Shields
  1996 | D:2      | Reached skill level 1 in Unarmed Combat
  1996 | D:2      | Reached skill level 1 in Evocations
  2288 | D:2      | Reached XP level 4. HP: 30/32 MP: 8/11
  2320 | D:2      | Found a runed translucent door.
  2321 | D:2      | Noticed Crazy Yiuf
  2430 | D:2      | Learned a level 3 spell: Tukima's Dance
  2434 | D:2      | Killed Crazy Yiuf
  2588 | D:3      | Reached skill level 1 in Conjurations
  2588 | D:3      | Reached skill level 1 in Summonings
  2588 | D:3      | Reached skill level 1 in Necromancy
  2588 | D:3      | Reached skill level 1 in Translocations
  2588 | D:3      | Reached skill level 1 in Transmutations
  2588 | D:3      | Reached skill level 1 in Fire Magic
  2588 | D:3      | Reached skill level 1 in Ice Magic
  2588 | D:3      | Reached skill level 1 in Air Magic
  2588 | D:3      | Reached skill level 1 in Earth Magic
  2588 | D:3      | Reached skill level 1 in Poison Magic
  2595 | D:3      | Learned a level 2 spell: Poisonous Vapours
  2648 | D:3      | Reached XP level 5. HP: 32/37 MP: 7/12
  2797 | D:3      | Found a blossoming altar of Fedhas.
  3360 | D:4      | Found Domeiko's Book Shoppe.
  3378 | D:4      | Reached XP level 6. HP: 44/44 MP: 11/14
  3379 | D:4      | Noticed Eustachio
  3642 | D:4      | Killed Eustachio
  3643 | D:4      | Reached skill level 5 in Dodging
  3652 | D:4      | Reached XP level 7. HP: 49/50 MP: 10/15
  4289 | D:4      | Learned a level 2 spell: Call Imp
  4433 | D:4      | Learned a level 3 spell: Mephitic Cloud
  4981 | D:5      | Entered Level 5 of the Dungeon
  5266 | D:5      | Found a sacrificial altar of Ru.
  5278 | D:5      | Found an ancient bone altar of Kikubaaqudgha.
  5347 | D:5      | Reached XP level 8. HP: 57/57 MP: 6/16
  5613 | D:5      | Found a snail-covered altar of Cheibriados.
  5624 | D:5      | Identified the +5 dagger of Strategic Superiority {venom,
                  | rElec Str+3 Stlth+}
  5707 | D:5      | Noticed Edmund
  5725 | D:5      | Killed Edmund
  6034 | D:5      | Reached skill level 7 in Stealth
  6325 | D:5      | Noticed Sigmund
  6375 | D:5      | Killed Sigmund
  6837 | D:6      | Reached XP level 9. HP: 65/65 MP: 18/18
  7166 | D:6      | Found a runed translucent gate.
  7166 | D:6      | Found a runed translucent gate.
  7166 | D:6      | Found a runed translucent gate.
  7170 | D:6      | Noticed snaxamus's ghost (amateur MiHu)
  7397 | D:6      | Reached skill level 5 in Short Blades
  7770 | D:6      | Found a staircase to the Ecumenical Temple.
  7787 | Temple   | Entered the Ecumenical Temple
  8070 | Temple   | Became a worshipper of Dithmenos the Shadowed
  8558 | D:6      | Reached skill level 5 in Invocations
  9011 | D:6      | Killed snaxamus's ghost
  9012 | D:6      | Reached XP level 10. HP: 73/73 MP: 20/20
  9279 | D:7      | Found a runed translucent gate.
  9284 | D:7      | Found a runed translucent gate.
  9285 | D:7      | Found a runed translucent gate.
  9390 | D:7      | Reached skill level 5 in Fighting
  9390 | D:7      | Reached skill level 5 in Long Blades
  9390 | D:7      | Reached skill level 5 in Axes
  9390 | D:7      | Reached skill level 5 in Maces & Flails
  9390 | D:7      | Reached skill level 5 in Polearms
  9390 | D:7      | Reached skill level 5 in Staves
  9390 | D:7      | Reached skill level 5 in Slings
  9390 | D:7      | Reached skill level 5 in Bows
  9390 | D:7      | Reached skill level 5 in Crossbows
  9390 | D:7      | Reached skill level 5 in Throwing
  9390 | D:7      | Reached skill level 5 in Armour
  9390 | D:7      | Reached skill level 5 in Shields
  9390 | D:7      | Reached skill level 5 in Unarmed Combat
  9390 | D:7      | Reached skill level 5 in Evocations
  9623 | D:7      | Found an opulent altar of Gozag.
  9676 | D:7      | Reached * piety under Dithmenos
  9743 | D:7      | Reached skill level 8 in Stealth
 10213 | D:7      | Found a bloodstained altar of Trog.
 10214 | D:7      | Found a shimmering altar of Xom.
 10365 | D:7      | Noticed Dvallin's ghost (weakling KoDe)
 10585 | D:7      | Killed Dvallin's ghost
 10813 | D:8      | Noticed Psyche
 10841 | D:8      | Killed Psyche
 10866 | D:8      | Learned a level 4 spell: Summon Ice Beast
 10870 | D:8      | Learned a level 3 spell: Frozen Ramparts
 11007 | D:8      | Noticed Maurice
 11020 | D:8      | Killed Maurice
 11214 | D:8      | Noticed a two-headed ogre
 11220 | D:8      | Killed a two-headed ogre
 11255 | D:8      | Reached XP level 11. HP: 45/81 MP: 20/22
 11598 | D:8      | Noticed a centaur warrior
 11600 | D:8      | Killed a centaur warrior
 11601 | D:8      | Reached skill level 5 in Conjurations
 11601 | D:8      | Reached skill level 5 in Summonings
 11601 | D:8      | Reached skill level 5 in Necromancy
 11601 | D:8      | Reached skill level 5 in Translocations
 11601 | D:8      | Reached skill level 5 in Transmutations
 11601 | D:8      | Reached skill level 5 in Fire Magic
 11601 | D:8      | Reached skill level 5 in Ice Magic
 11601 | D:8      | Reached skill level 5 in Air Magic
 11601 | D:8      | Reached skill level 5 in Earth Magic
 11601 | D:8      | Reached skill level 5 in Poison Magic
 11610 | D:8      | Noticed a cyclops
 11613 | D:8      | Killed a cyclops
 11630 | D:8      | Noticed a purple ugly thing
 11637 | D:8      | Killed a purple ugly thing
 11696 | D:8      | Noticed a cyclops
 11698 | D:8      | Killed a cyclops
 11698 | D:8      | Reached ** piety under Dithmenos
 12872 | D:8      | Reached skill level 9 in Stealth
 12977 | D:9      | Reached *** piety under Dithmenos
 13054 | D:9      | Noticed a two-headed ogre
 13058 | D:9      | Killed a two-headed ogre
 13749 | D:9      | Found a staircase to the Orcish Mines.
 13767 | D:9      | Reached XP level 12. HP: 80/89 MP: 24/24
 13767 | D:9      | Reached **** piety under Dithmenos
 14664 | D:9      | Reached ***** piety under Dithmenos
 14982 | Orc:1    | Entered Level 1 of the Orcish Mines
 14992 | Orc:1    | Noticed an ettin
 15014 | D:9      | Slain by an ettin

Illustrated notes

Levels and vault maps discovered:
D:1:      lightli_arrival_flooded_house, layout_loops_ring, minmay_quantized
D:2:      layout_rooms, uniq_crazy_yiuf_cottage
D:3:      layout_loops_ring, mainiacjoe_overflow_tiny_flanked,
          kennysheep_orc_chapel
D:4:      wad_river_or_something, layout_basic, nicolae_overflow_hidden_temple,
          serial_shops, nicolae_shop_trees, serial_corexii_hall,
          chequers_hall_statues_wall_a, corexii_hall_statues_x,
          chequers_hall_statues_corner_a, chequers_hall_statues_wall_a,
          uniq_eustachio
D:5:      layout_basic, mainiacjoe_overflow_large_starburst,
          lemuel_crystal_altar, serial_co_window_serial, co_window_corner_a,
          co_window_corner_a, co_window_corner_a, co_window_paths_a,
          co_window_corner_a, co_window_of_opportunity_a, co_window_paths_a,
          co_window_2corner, co_window_2corner, co_window_2corner,
          co_window_2corner, co_window_4corner_b, co_window_paths_d,
          glass_columns_a, glass_columns_a, glass_columns_c,
          chequers_serial_rivers_micro_c, uniq_sigmund, uniq_edmund
D:6:      layout_loops_ring, minmay_temple_entry_slanted,
          biasface_ghost_orc_armoury, grunt_tough_drop
D:7:      layout_basic, nicolae_gozag_cash_rules_everything_around_me,
          gammafunk_temple_overflow_pools, gammafunk_ghost_nasty_kobolds,
          kennysheep_donut, hangedman_abyss_or_decor_stabs
D:8:      layout_loops_ring, serial_bayou, serial_bayou_shore_b,
          serial_bayou_pond_d, serial_bayou_pond_e, serial_bayou_pond_d,
          minmay_the_grid_2x2 [minmay_the_grid_aliased_spiral,
          minmay_the_grid_medium_cups, minmay_the_grid_box_x,
          minmay_the_grid_prize_four_corners_diamond_a], uniq_maurice,
          uniq_psyche
D:9:      layout_roguey [special_room_orc], hiddenorc2_lemuel, minivault_7
Temple:   dpeg_chambers_temple
Orc:1:    layout_caves, serial_shops, nicolae_shop_hallway_plus,
          lightli_orcish_oven

Skill      XL: |  1  2  3  4  5  6  7  8  9 10 11 12 |
---------------+-------------------------------------+-----
Spellcasting   | 5 6 7 8 |  8.8
Stealth        | 6 7 8 9 |  9.4
Invocations    | 1 2 3 4 5 6 7 |  7.8
Fighting       | 1 2 3 4 5 6 7 |  7.1
Long Blades    | 1 2 3 4 5 6 7 |  7.1
Axes           | 1 2 3 4 5 6 7 |  7.1
Maces & Flails | 1 2 3 4 5 6 7 |  7.1
Polearms       | 1 2 3 4 5 6 7 |  7.1
Staves         | 1 2 3 4 5 6 7 |  7.1
Slings         | 1 2 3 4 5 6 7 |  7.1
Bows           | 1 2 3 4 5 6 7 |  7.1
Crossbows      | 1 2 3 4 5 6 7 |  7.1
Throwing       | 1 2 3 4 5 6 7 |  7.1
Armour         | 1 2 3 4 5 6 7 |  7.1
Shields        | 1 2 3 4 5 6 7 |  7.1
Unarmed Combat | 1 2 3 4 5 6 7 |  7.1
Evocations     | 1 2 3 4 5 6 7 |  7.1
Conjurations   | 1 2 3 4 5 |  5.9
Summonings     | 1 2 3 4 5 |  5.9
Necromancy     | 1 2 3 4 5 |  5.9
Translocations | 1 2 3 4 5 |  5.9
Transmutations | 1 2 3 4 5 |  5.9
Fire Magic     | 1 2 3 4 5 |  5.9
Ice Magic      | 1 2 3 4 5 |  5.9
Air Magic      | 1 2 3 4 5 |  5.9
Earth Magic    | 1 2 3 4 5 |  5.9
Poison Magic   | 1 2 3 4 5 |  5.9
Short Blades   | 3 4 5 6 7 |  7.6
Dodging        | 5 6 7 8 |  8.5
Hexes          | 6 7 8 |  8.1

Action                   |  1- 3 |  4- 6 |  7- 9 | 10-12 || total
-------------------------+-------+-------+-------+-------++-------
Melee: Dagger            |   131 |    70 |   294 |   831 ||  1326
       Bite              |     8 |     3 |    39 |   104 ||   154
       Punch             |     1 |     1 |    15 |    37 ||    54
       Unarmed           |       |       |       |    13 ||    13
 Cast: Ensorcelled Hiber |    18 |    22 |    52 |    20 ||   112
       Tukima's Dance    |       |     1 |     7 |     4 ||    12
       Call Imp          |       |       |     4 |       ||     4
       Summon Ice Beast  |       |       |       |     5 ||     5
       Mephitic Cloud    |       |       |       |     1 ||     1
Evoke: Wand              |       |       |       |     1 ||     1
  Use: Scroll            |     5 |     4 |     9 |     6 ||    24
       Potion            |       |       |     2 |     5 ||     7
 Stab: Sleeping          |    28 |    20 |    46 |    33 ||   127
       Distracted        |       |       |     1 |     5 ||     6
       Invisible         |       |       |     1 |     8 ||     9
       Confused          |       |       |       |     2 ||     2
Armor: Robe              |    23 |    23 |    83 |   129 ||   258
       Skin              |       |       |     6 |       ||     6
Dodge: Dodged            |    73 |    63 |   228 |   705 ||  1069
